 Dungeon Crawl Stone Soup version 0.22.1-2-g9c5b331 (webtiles) character file.

36 empire the Magician (level 3, 0/25 HPs)
             Began as a Gnoll Wizard on Nov 13, 2018.
             Slain by a kobold
             ... wielding a +0 dagger
              (2 damage)
             ... on level 2 of the Dungeon.
             The game lasted 00:04:44 (1445 turns).

empire the Magician (Gnoll Wizard)                  Turns: 1445, Time: 00:04:44

Health: 0/25       AC:  3    Str: 10    XL:     3   Next: 37%
Magic:  9/11       EV: 13    Int: 20    God:
Gold:   63         SH:  0    Dex: 13    Spells: 10/16 levels left

rFire    . . .     SeeInvis .   a - +0 dagger
rCold    . . .     Gourm    .   (no shield)
rNeg     . . .     Faith    .   l - +0 leather armour
rPois    .         Spirit   .   g - +0 hat
rElec    .         Reflect  .   (no cloak)
rCorr    .         Harm     .   (no gloves)
MR       .....                  (no boots)
Stlth    ++........             (no amulet)
HPRegen  0.08/turn              (no ring)
MPRegen  0.12/turn              (no ring)

@: no status effects
A: distributed training, fangs 1, strong nose
a: no special abilities


You were on level 2 of the Dungeon.
You were not hungry.

You visited 1 branch of the dungeon, and saw 2 of its levels.

You collected 63 gold pieces.

Inventory:

Hand Weapons
 a - a +0 dagger (weapon)
 b - a +0 spear
 k - a +0 hunting sling
Missiles
 f - 45 bolts
Armour
 g - a +0 hat (worn)
 l - a +0 leather armour (worn)
Scrolls
 c - 2 scrolls of identify {unknown}
 i - a scroll of noise {unknown}
 n - a scroll of enchant weapon {unknown}
Potions
 e - a potion of curing {unknown}
 h - a potion of might {unknown}
 j - a potion of heal wounds {unknown}
 m - a potion of invisibility {unknown}
Comestibles
 d - 2 rations
 o - a chunk of flesh


   Skills:
 + Level 0.7 Fighting
 + Level 0.7 Short Blades
 + Level 0.7 Long Blades
 + Level 0.7 Axes
 + Level 0.7 Maces & Flails
 + Level 0.7 Polearms
 + Level 0.7 Staves
 + Level 0.7 Slings
 + Level 0.7 Bows
 + Level 0.7 Crossbows
 + Level 0.7 Throwing
 + Level 0.7 Armour
 + Level 4.5 Dodging
 + Level 4.1 Stealth
 + Level 0.7 Shields
 + Level 0.7 Unarmed Combat
 + Level 7.1 Spellcasting
 + Level 2.1 Conjurations
 + Level 0.5 Hexes
 + Level 0.5 Charms
 + Level 2.1 Summonings
 + Level 0.5 Necromancy
 + Level 2.1 Translocations
 + Level 0.5 Transmutations
 + Level 0.5 Fire Magic
 + Level 0.5 Ice Magic
 + Level 0.5 Air Magic
 + Level 0.5 Earth Magic
 + Level 0.5 Poison Magic
 + Level 0.9 Invocations
 + Level 0.7 Evocations


You had 10 spell levels left.
You knew the following spells:

 Your Spells              Type           Power        Failure   Level  Hunger
a - Magic Dart            Conj           ###.         5%          1    None
b - Blink                 Tloc           N/A          8%          2    None
c - Mephitic Cloud        Conj/Pois/Air  ##......     24%         3    #......

Your spell library contained the following spells:

 Spells                   Type           Power        Failure   Level  Hunger
 Call Imp                 Summ           ###.....     8%          2    None
 Slow                     Hex            #.......     16%         2    None
 Conjure Flame            Conj/Fire      ##......     22%         3    #......


Dungeon Overview and Level Annotations

Branches:
Dungeon (2/15)

Altars:
Kikubaaqudgha

Annotations:
D:2 Natasha, Sigmund


Innate Abilities, Weirdness & Mutations

Your experience applies equally to all skills.
You have very sharp teeth.
Your uncanny sense of smell can sniff out nearby items.


Message History

Natasha claws you.
Casting: Magic Dart (safe; 5% risk of failure)
Confirm with . or Enter, or press ? or * to list all spells.
Aiming: Magic Dart (safe; 5% risk of failure)
Press: ? - help, Shift-Dir - straight line, f - Natasha
Aim: Natasha (heavily wounded)
The magic dart hits Natasha.
Natasha is severely wounded.
Natasha barely misses you. The kobold closely misses you.
Casting: Magic Dart (safe; 5% risk of failure)
Confirm with . or Enter, or press ? or * to list all spells.
Aiming: Magic Dart (safe; 5% risk of failure)
Press: ? - help, Shift-Dir - straight line, f/p - Natasha
Aim: Natasha (severely wounded)
The magic dart hits Natasha.
Natasha is almost dead.
Natasha claws you!
* * * LOW HITPOINT WARNING * * *
The kobold hits you with a dagger.
You die...

#....# ### #....#
..# #....# ..#
#....# ..#
.######....# ..####
...........####
..'..# ###
#....hK..[... ..####
#_# #....@.# ######
#.# #......#
.....###.###...(..#
.....#≈...≈#..(...#
.....#≈...≈#......#
.....#≈...≈#......#
.....#≈...≈#.#######
.....#≈...≈#.####..
.....#≈...≈#....#.#
#


You could see Natasha and a kobold.

Vanquished Creatures
  2 dart slugs (D:1)
  2 bat zombies (D:2)
  3 hobgoblins (D:1)
  6 kobolds
  A quokka (D:1)
  3 bats (D:1)
  4 frilled lizards (D:1)
  5 goblins (D:1)
  3 rats
  A rat zombie (D:2)
30 creatures vanquished.

Notes
Turn   | Place    | Note
-------+----------+-------------------------------------------
     0 | D:1      | empire the Gnoll Wizard began the quest for the Orb.
     0 | D:1      | Reached XP level 1. HP: 13/13 MP: 8/8
   252 | D:1      | Reached XP level 2. HP: 19/19 MP: 5/10
   681 | D:1      | Reached XP level 3. HP: 25/25 MP: 11/11
  1195 | D:2      | Learned a level 2 spell: Blink
  1199 | D:2      | Learned a level 3 spell: Mephitic Cloud
  1209 | D:2      | Noticed Sigmund
  1353 | D:2      | Found an ancient bone altar of Kikubaaqudgha.
  1431 | D:2      | Noticed Natasha
  1445 | D:2      | Slain by a kobold

Skill      XL: |  1 |
---------------+----+-----
Conjurations   | 2 |  2.1
Summonings     | 2 |  2.1
Translocations | 2 |  2.1
Fighting       | |  0.7
Short Blades   | |  0.7
Long Blades    | |  0.7
Axes           | |  0.7
Maces & Flails | |  0.7
Polearms       | |  0.7
Staves         | |  0.7
Slings         | |  0.7
Bows           | |  0.7
Crossbows      | |  0.7
Throwing       | |  0.7
Armour         | |  0.7
Dodging        | |  4.5
Stealth        | |  4.1
Shields        | |  0.7
Unarmed Combat | |  0.7
Spellcasting   | |  7.1
Hexes          | |  0.5
Charms         | |  0.5
Necromancy     | |  0.5
Transmutations | |  0.5
Fire Magic     | |  0.5
Ice Magic      | |  0.5
Air Magic      | |  0.5
Earth Magic    | |  0.5
Poison Magic   | |  0.5
Invocations    | |  0.9
Evocations     | |  0.7

Action                   || total
-------------------------++-------
Melee: Dagger            ||    69
       Bite              ||     9
 Cast: Magic Dart        ||    51
 Stab: Sleeping          ||     3
  Eat: Chunk             ||     2
Armor: Robe              ||     6
       Leather armour    ||    25
Dodge: Dodged            ||    71
